 Dungeon Crawl Stone Soup version 0.31-a0-627-gd65175cf8b (webtiles) character file.

Game seed: 14686886410778371824

54498 MrAu the Peltast (level 15, -1/124 HPs)
             Began as a Formicid Fighter on Aug 24, 2023.
             Was a Follower of Uskayaw.
             Slain by a death yak (12 damage)
             ... on level 5 of the Lair of Beasts on Aug 25, 2023.
             The game lasted 00:28:24 (20064 turns).

MrAu the Peltast (Formicid Fighter)                Turns: 20064, Time: 00:28:25

Health: -1/124     AC: 19    Str: 36    XL:     15   Next: 14%
Magic:  16/24      EV: 10    Int: 10    God:    Uskayaw [*.....]
Gold:   1148       SH: 14    Dex: 19    Spells: 14/14 levels left

rFire   + . .        f - +8 trident of the Octopus King {venom, rElec rPois}
rCold   . . .        u - +0 kite shield
rNeg    . . .        A - +5 ring mail of the Hall of Blades {Str+3}
rPois   +            (helmet unavailable)
rElec   +            F - +2 cloak {Will+}
rCorr   .            R - +0 pair of gloves {Str+3}
SInv    +            x - +0 pair of boots
Will    ++...        z - amulet "Gallit" {Faith Str+4}
Stlth   +            l - +6 ring of dexterity
HPRegen 0.40/turn    s - ring of protection from fire
MPRegen 0.19/turn

%: faith
@: no status effects
A: permanent stasis, dig shafts and tunnels, antennae 3, four strong arms
a: Dig, Shaft Self, Renounce Religion, Stomp


You were on level 5 of the Lair of Beasts.
You worshipped Uskayaw.
Uskayaw was pleased with you.
You visited 3 branches of the dungeon, and saw 19 of its levels.
You also visited: Gauntlet and Ice Cave.

You collected 1148 gold pieces.

Inventory:

Hand Weapons
 a - a +1 war axe of freezing
 f - the +8 trident of the Octopus King (weapon) {venom, rElec rPois}
   (You found it on level 2 of the Dungeon)

   rElec:     It insulates you from electricity.
   rPois:     It protects you from poison
 X - a +0 bardiche of flaming
Missiles
 W - 3 curare-tipped darts
Armour
 b - a +0 scale mail
 c - a +1 buckler
 t - a +0 pair of gloves
 u - a +0 kite shield (worn)
 v - a +0 chain mail
 x - a +0 pair of boots (worn)
 A - the +5 ring mail of the Hall of Blades (worn) {Str+3}
   (You found it on level 7 of the Dungeon)

   Str+3:     It affects your strength (+3).
 F - a +2 cloak of willpower (worn)
 R - a +0 pair of gloves of strength (worn)
Jewellery
 e - a +6 ring of dexterity
 l - a +6 ring of dexterity (left hand)
 s - a ring of protection from fire (right hand)
 w - an amulet of the acrobat
 z - the amulet "Gallit" (around neck) {Faith Str+4}
   (You found it on level 6 of the Dungeon)

   [amulet of faith]

   Faith:     It allows you to gain divine favour quickly.
   Str+4:     It affects your strength (+4).
 G - a ring of positive energy
 M - a +6 ring of strength
 T - a +4 ring of protection
 V - a ring of magical power
 Y - a ring of wizardry
Wands
 g - a wand of flame (54)
 O - a wand of polymorph (3)
 Q - a wand of iceblast (19)
 U - a wand of mindburst (19)
 Z - a wand of paralysis (3)
Scrolls
 p - 3 scrolls of amnesia
 r - 4 scrolls of immolation
 y - 4 scrolls of fear
 B - a scroll of silence
 D - 2 scrolls of vulnerability
 E - 2 scrolls of poison
 H - 4 scrolls of fog
 I - 2 scrolls of blinking
 K - 3 scrolls of enchant armour
 L - 8 scrolls of identify
 N - a scroll of enchant weapon
 S - a scroll of revelation
Potions
 d - 4 potions of might
 h - a potion of brilliance {unknown}
 i - 2 potions of berserk rage {unknown}
 j - 5 potions of enlightenment
 k - 3 potions of lignification {unknown}
 m - 2 potions of mutation {unknown}
 n - 5 potions of haste
 o - 10 potions of curing {unknown}
 q - 2 potions of heal wounds
 C - 3 potions of degeneration {unknown}
 J - a potion of magic {unknown}
 P - 5 potions of ambrosia


   Skills:
 + Level 13.4 Fighting
 - Level 5.5(8.9) Axes
 + Level 10.8(11.4) Polearms
 + Level 13.4 Armour
 - Level 15.0 Shields
 + Level 12.3 Invocations


You had 14 spell levels left.
You didn't know any spells.
Your spell library contained the following spells:

 Spells                   Type           Power      Damage    Failure   Level
 Apportation              Tloc           0%         N/A       52%         1
 Necrotise                Necr           0%         1d4       52%         1
 Shock                    Conj/Air       0%         1d3       52%         1
 Summon Small Mammal      Summ           0%         N/A       52%         1
 Ensorcelled Hibernation  Hex/Ice        0%         N/A       67%         2
 Poisonous Vapours        Pois/Air       0%         N/A       67%         2
 Scorch                   Fire           0%         2d5       67%         2
 Mephitic Cloud           Conj/Pois/Air  0%         N/A       88%         3
 Ozocubu's Armour         Ice            0%         N/A       88%         3
 Portal Projectile        Hex/Tloc       0%         N/A       88%         3
 Tukima's Dance           Hex            0%         N/A       88%         3
 Airstrike                Air            0%         2d(0-16)  99%         4
 Flame Wave               Conj/Fire      0%         2d4       99%         4
 Iskenderun's Mystic Bla  Conj/Tloc      0%         2d3       99%         4
 Leda's Liquefaction      Hex/Erth       0%         N/A       99%         4
 Freezing Cloud           Conj/Ice/Air   0%         6-21      100%        5
 Lee's Rapid Deconstruct  Erth           0%         3d4*      100%        5
 Metabolic Englaciation   Hex/Ice        0%         N/A       100%        5
 Leda's Unmaking          Conj/Erth      0%         9d1       100%        6
 Summon Cactus Giant      Summ           0%         N/A       100%        6
 Haunt                    Necr/Summ      0%         N/A       100%        7
 Ozocubu's Refrigeration  Ice            0%         4d7       100%        7
 Borgnjor's Revivificati  Necr           0%         N/A       100%        8
 Death's Door             Necr           0%         N/A       100%        9
 Polar Vortex             Ice            0%         N/A       100%        9
 Swiftness                Air            Unusable   N/A       N/A         3

Dungeon Overview and Level Annotations

Branches:
Dungeon (13/15)            Temple (1/1) D:7            Lair (5/5) D:9
 Shoals (0/4) Lair:2       Spider (0/4) Lair:3        Slime (0/5) Lair:4
    Orc (0/2) D:9           IceCv (visited)         Gauntlet (visited)
 Vaults: D:13-14

Altars:
Ashenzari
Cheibriados
Dithmenos
Elyvilon
Fedhas
Gozag
Hepliaklqana
Kikubaaqudgha
Makhleb
Nemelex Xobeh
Okawaru
Qazlal
Ru
Sif Muna
Trog
Uskayaw
Vehumet
Wu Jian
Xom
Yredelemnul
Zin
The Shining One
Jiyva

Shops:
D:10 :

Annotations:
D:11 3 runed translucent doors, AdnanSaban's ghost, journeyman GrFi
Lair:2 2 transporters, niknal's ghost, journeyman TrWr
Lair:4 3 runed translucent doors, Opekasam's ghost, journeyman TrHs


Innate Abilities, Weirdness & Mutations

You cannot be hasted, slowed, berserked, paralysed or teleported.
You can dig through walls and to a lower floor.
You have a pair of large antennae on your head. (SInv)
Your four strong arms can wield two-handed weapons with a shield.


Message History

You hit the death yak but do no damage.
The death yak is moderately wounded.
The death yak gores you.
* * * LOW HITPOINT WARNING * * *
You barely miss the death yak.
The death yak is lightly wounded.
You puncture the death yak!
The death yak is heavily wounded.
The death yak gores you!
* * * LOW HITPOINT WARNING * * *
You hit the death yak.
The death yak is poisoned.
The death yak is heavily wounded.
You block the death yak's attack.
You puncture the death yak!
The death yak looks as sick as possible!
The death yak is severely wounded.
The death yak gores you!
* * * LOW HITPOINT WARNING * * *
You puncture the death yak!
The death yak looks as sick as possible!
The death yak is almost dead.
The death yak gores you but does no damage.
You hit the death yak but do no damage.
The death yak looks as sick as possible!
The death yak is almost dead.
You puncture the death yak!
You kill the death yak!
Aiming: Grand Finale
Press: ? - help, Shift-Dir - straight line, f - yak
Aim: a yak The yak explodes violently!!!
The yak is hit by a flying piece of the yak!
You blow up the yak!
The yak closely misses you. You block the yak's attack.
The death yak gores you but does no damage.
The death yak attacks as it pursues you!
You block the death yak's attack. The yak gores you.
* * * LOW HITPOINT WARNING * * *
The death yak gores you!
You die...

.....#.............
.....#.⌠...Y..{{YY.
.....#.....#.......
..........#..Y.#..
###....{##......#
#..'### ####.##
#....## .# ##...Y.#
# #.⌠.@Y⌠#
##..YY†## ##.⌠.#.#
#######


You could see 2 death yaks and 2 yaks.

Vanquished Creatures
  Rupert (Lair:4)
  A minotaur (Gauntlet)
  Fannar (Lair:1)
  2 hydras (Lair:2)
  2 two-headed ogres
  4 boulder beetles (D:11)
  7 death yaks
  Nergalle (Lair:1)
  2 skysharks
  A bog body (IceCv)
  A deep elf pyromancer (D:12)
  A necromancer (IceCv)
  2 ugly things (D:13)
  A cyclops (D:9)
  2 black mambas (Lair:3)
  10 elephants
  A torpor snail (Lair:5)
  2 ice statues (IceCv)
  A minotaur zombie (Gauntlet)
  A gargoyle (D:10)
  19 cane toads
  2 anaconda simulacra (IceCv)
  6 komodo dragons
  3 rime drakes
  6 ice devils (IceCv)
  2 polar bears
  A queen bee (D:11)
  A hornet (D:7)
  A troll (D:9)
  17 blink frogs
  10 dream sheep
  Prince Ribbit (Lair:1)
  3 culicivoras (Lair:3)
  2 jumping spiders (Lair:3)
  2 centaur simulacra (Gauntlet)
  A shadow (D:10)
  Sigmund (D:3)
  4 wyverns
  A vampire (D:12)
  33 yaks
  A wraith (D:11)
  4 dire elephant simulacra (IceCv)
  Grum (D:8)
  6 vampire mosquitoes
  2 steam dragons
  2 basilisks
  2 death yak simulacra
  3 redbacks (Lair:3)
  3 harpy simulacra (IceCv)
  7 water moccasins
  A hydra simulacrum (IceCv)
  3 orc warriors
  3 sky beasts
  An ice beast (D:8)
  5 black bears
  7 wolves
  5 ogres
  11 centaurs
  A phantom (D:6)
  5 kobold brigands
  6 gnoll sergeants
  11 bullfrogs
  A scorpion (D:5)
  2 cane toad simulacra (Lair:3)
  A two-headed ogre simulacrum (IceCv)
  25 killer bees (D:11)
  3 howler monkeys
  A vampire bat (D:6)
  2 jellies
  Crazy Yiuf (D:7)
  3 orc priests
  4 hounds
  Jessica (D:2)
  Terence (D:2)
  2 gnoll boudas
  5 orc wizards
  A sleepcap (D:6)
  Natasha (thrice) (D:2)
  2 iguanas
  A polar bear simulacrum (Lair:3)
  2 troll simulacra (IceCv)
  2 wolf simulacra
  Robin (D:3)
  26 gnolls
  5 adders
  2 white imps
  An ufetubus (D:6)
  A worm (D:3)
  A dart slug (D:1)
  27 orcs
  8 ball pythons
  5 bats
  3 bat skeletons (D:6)
  3 bat zombies (D:6)
  6 endoplasms
  3 giant cockroaches
  9 hobgoblins
  2 jackals (D:1)
  24 kobolds
  3 quokkas
  4 frilled lizards
  19 goblins
  3 rats (D:1)
469 creatures vanquished.

Notes
Turn   | Place    | Note
-------+----------+-------------------------------------------
     0 | D:1      | MrAu the Formicid Fighter began the quest for the Orb.
     0 | D:1      | Reached XP level 1. HP: 18/18 MP: 1/1
   124 | D:1      | Reached XP level 2. HP: 14/24 MP: 2/2
   219 | D:1      | Reached XP level 3. HP: 25/29 MP: 3/3
   626 | D:2      | Found the +8 trident of the Octopus King {venom, rElec
                  | rPois}
   687 | D:2      | Noticed Jessica
   694 | D:2      | Killed Jessica
   695 | D:2      | Reached XP level 4. HP: 11/37 MP: 4/4
   949 | D:2      | Found a glowing golden altar of the Shining One.
  1100 | D:2      | Noticed Terence
  1105 | D:2      | Killed Terence
  1108 | D:2      | Reached XP level 5. HP: 21/42 MP: 5/5
  1353 | D:2      | Noticed Natasha
  1358 | D:2      | Killed Natasha
  1359 | D:2      | Reached skill level 5 in Shields
  1487 | D:2      | Noticed Natasha
  1488 | D:2      | Found a glowing golden altar of the Shining One.
  1492 | D:2      | Killed Natasha
  1732 | D:2      | Noticed Natasha
  1742 | D:2      | Killed Natasha
  2177 | D:3      | Reached XP level 6. HP: 49/49 MP: 6/6
  2287 | D:3      | Noticed Robin
  2333 | D:3      | Killed Robin
  2593 | D:3      | Found a sacrificial altar of Ru.
  2677 | D:3      | Found a sparkling altar of Nemelex Xobeh.
  2831 | D:3      | Noticed Sigmund
  2852 | D:3      | Killed Sigmund
  2853 | D:3      | Reached skill level 6 in Shields
  2853 | D:3      | Reached XP level 7. HP: 37/55 MP: 7/7
  3099 | D:4      | Found a hazy altar of Hepliaklqana.
  3154 | D:4      | Reached skill level 5 in Armour
  3244 | D:4      | Reached skill level 5 in Fighting
  3325 | D:4      | Found an iron altar of Okawaru.
  3356 | D:4      | Found a bloodstained altar of Trog.
  3479 | D:4      | Found a radiant altar of Vehumet.
  3530 | D:4      | Found a glowing silver altar of Zin.
  3563 | D:4      | Found a shimmering blue altar of Sif Muna.
  3563 | D:4      | Found a blossoming altar of Fedhas.
  3900 | D:5      | Entered Level 5 of the Dungeon
  4270 | D:4      | Reached XP level 8. HP: 60/64 MP: 8/8
  4335 | D:4      | Reached skill level 7 in Shields
  4727 | D:5      | Found a shadowy altar of Dithmenos.
  4789 | D:4      | Reached skill level 5 in Axes
  5159 | D:6      | Found an ancient bone altar of Kikubaaqudgha.
  5261 | D:6      | Reached XP level 9. HP: 71/71 MP: 9/9
  5268 | D:6      | Reached skill level 8 in Shields
  5287 | D:6      | Found a broken altar of Ashenzari.
  5289 | D:6      | Identified the amulet "Gallit" {Faith Str+4}
  5313 | D:6      | Found a basalt altar of Yredelemnul.
  5442 | D:6      | Reached skill level 1 in Polearms
  5482 | D:6      | Found a snail-covered altar of Cheibriados.
  5709 | D:6      | Found a white marble altar of Elyvilon.
  5889 | D:7      | Identified the +5 ring mail of the Hall of Blades {Str+3}
  5986 | D:7      | Noticed a hornet
  5999 | D:7      | Killed a hornet
  6186 | D:7      | Noticed a +0 hand axe
  6192 | D:7      | Noticed a +0 hand axe
  6194 | D:7      | Found a hide-covered altar of Uskayaw.
  6207 | D:7      | Reached skill level 9 in Shields
  6213 | D:7      | Became a worshipper of Uskayaw the Reveller
  6248 | D:7      | Reached * piety under Uskayaw
  6290 | D:7      | Reached ** piety under Uskayaw
  6291 | D:7      | Reached skill level 1 in Invocations
  6499 | D:7      | Reached *** piety under Uskayaw
  6566 | D:7      | Found a staircase to the Ecumenical Temple.
  6593 | Temple   | Entered the Ecumenical Temple
  6599 | D:7      | Noticed a two-headed ogre
  6612 | D:7      | Killed a two-headed ogre
  6613 | D:7      | Reached XP level 10. HP: 37/80 MP: 10/12
  7043 | D:7      | Found a runed translucent door.
  7044 | D:7      | Noticed Crazy Yiuf
  7050 | D:7      | Killed Crazy Yiuf
  7308 | D:8      | Noticed a two-headed ogre
  7316 | D:8      | Reached **** piety under Uskayaw
  7319 | D:8      | Killed a two-headed ogre
  7320 | D:8      | Reached skill level 10 in Shields
  7321 | D:8      | Reached ***** piety under Uskayaw
  7494 | D:8      | Noticed Grum
  7508 | D:8      | Killed Grum
  8261 | D:9      | Reached skill level 5 in Polearms
  8412 | D:9      | Found a staircase to the Lair.
  8497 | D:9      | Noticed a cyclops
  8504 | D:9      | Killed a cyclops
  8505 | D:9      | Reached XP level 11. HP: 79/87 MP: 14/14
  8647 | D:9      | Reached skill level 5 in Invocations
  8686 | D:9      | Found a staircase to the Orcish Mines.
  8689 | D:9      | Reached skill level 11 in Shields
  8741 | D:10     | Entered Level 10 of the Dungeon
  9153 | D:10     | Found Ihiumaje's Self-Published Books.
  9537 | D:11     | Noticed a boulder beetle
  9547 | D:11     | Killed a boulder beetle
  9575 | D:11     | Noticed a boulder beetle
  9587 | D:11     | Killed a boulder beetle
  9797 | D:11     | Reached ****** piety under Uskayaw
  9827 | D:11     | Reached skill level 10 in Armour
  9899 | D:11     | Identified the +2 robe "Taekh" {rC+}
 10056 | D:11     | Noticed a boulder beetle
 10079 | D:11     | Killed a boulder beetle
 10080 | D:11     | Reached skill level 10 in Fighting
 10080 | D:11     | Reached skill level 12 in Shields
 10080 | D:11     | Reached XP level 12. HP: 72/97 MP: 17/17
 10165 | D:11     | Found a runed translucent gate.
 10165 | D:11     | Found a runed translucent gate.
 10165 | D:11     | Found a runed translucent gate.
 10168 | D:11     | Noticed AdnanSaban's ghost (journeyman GrFi)
 10173 | D:11     | Noticed a yaktaur captain
 10290 | D:11     | Noticed a boulder beetle
 10297 | D:11     | Killed a boulder beetle
 10576 | D:11     | Noticed a jorogumo
 12187 | D:13     | Noticed a six-headed hydra
 12359 | Lair:1   | Entered Level 1 of the Lair of Beasts
 12561 | Lair:1   | Identified the +0 spear of Untimely Demise {heavy, rN+++
                  | Will+ Dex-3 Stlth-}
 12735 | Lair:1   | Reached skill level 13 in Shields
 12747 | Lair:1   | Reached XP level 13. HP: 86/106 MP: 19/19
 12774 | Lair:1   | Noticed Nergalle
 12783 | Lair:1   | Killed Nergalle
 12968 | Lair:1   | Noticed Prince Ribbit
 12974 | Lair:1   | Killed Prince Ribbit
 12999 | Lair:1   | Noticed Fannar
 13011 | Lair:1   | Killed Fannar
 13639 | Lair:2   | Noticed an eight-headed hydra
 13655 | Lair:2   | Killed an eight-headed hydra
 13659 | Lair:2   | Found a gate leading to a gauntlet.
 13673 | Gauntlet | Entered a Gauntlet
 13673 | Gauntlet | Found a transporter.
 13681 | Gauntlet | Found a transporter.
 13681 | Gauntlet | Found the ring of the Hare {EV+10}
 13684 | Gauntlet | Found a transporter.
 13685 | Gauntlet | Found a transporter.
 13696 | Gauntlet | Found a transporter.
 13696 | Gauntlet | Found a transporter.
 13697 | Gauntlet | Found a transporter.
 13724 | Gauntlet | Found a transporter.
 13724 | Gauntlet | Found a transporter.
 13725 | Gauntlet | Found a transporter.
 13736 | Gauntlet | Found a transporter.
 13737 | Gauntlet | Found a transporter.
 13744 | Gauntlet | Found a runed translucent door.
 13747 | Gauntlet | Found a transporter.
 13749 | Gauntlet | Noticed a reaper
 13770 | Gauntlet | Found a transporter.
 13980 | Gauntlet | Noticed a minotaur
 13993 | Gauntlet | Killed a minotaur
 14001 | Gauntlet | Identified the +8 shortbow "Aubergine" {freeze, rF++ Int+2}
 14376 | Lair:2   | Found a transporter.
 14441 | Lair:2   | Found a staircase to the Shoals.
 14540 | Lair:2   | Reached skill level 10 in Invocations
 14664 | Lair:2   | Reached skill level 14 in Shields
 14919 | Lair:2   | Found a transporter.
 14919 | Lair:2   | Noticed niknal's ghost (journeyman TrWr)
 14981 | Lair:2   | Noticed a four-headed hydra
 14994 | Lair:2   | Killed a four-headed hydra
 15149 | Lair:2   | Upgraded the game from 0.31-a0-625-gc9c7e45f3f to
                  | 0.31-a0-627-gd65175cf8b
 15250 | Lair:3   | Found a frozen archway.
 15274 | IceCv    | Entered an ice cave
 16616 | IceCv    | Reached XP level 14. HP: 81/115 MP: 21/21
 16924 | IceCv    | Got the Handbook of Refrigeration
 17386 | Lair:3   | Found a hole to the Spider Nest.
 18131 | Lair:3   | Reached skill level 10 in Polearms
 18506 | Lair:4   | Reached skill level 15 in Shields
 18597 | Lair:4   | Found a viscous altar of Jiyva.
 18744 | Lair:4   | Found a staircase to the Slime Pits.
 18865 | Lair:4   | Noticed Rupert
 18875 | Lair:4   | Killed Rupert
 18933 | Lair:4   | Found a runed translucent gate.
 18933 | Lair:4   | Found a runed translucent gate.
 18933 | Lair:4   | Found a runed translucent gate.
 18933 | Lair:4   | Noticed an acid blob
 18933 | Lair:4   | Noticed an azure jelly
 18933 | Lair:4   | Noticed an acid blob
 18934 | Lair:4   | Noticed an azure jelly
 18934 | Lair:4   | Noticed an azure jelly
 18934 | Lair:4   | Noticed Opekasam's ghost (journeyman TrHs)
 18934 | Lair:4   | Noticed an acid blob
 18936 | Lair:4   | Found a viscous altar of Jiyva.
 19380 | Lair:5   | Entered Level 5 of the Lair of Beasts
 19735 | Lair:5   | Reached XP level 15. HP: 27/124 MP: 24/24
 20064 | Lair:5   | Slain by a death yak

Illustrated notes

Levels and vault maps discovered:
D:1:      nicolae_arrival_somewhat_less_tricky_arrival, layout_rooms,
          hangedman_decor_growths
D:2:      layout_basic, basic_altar, uniq_terence, uniq_natasha, uniq_jessica
D:3:      layout_basic, marbit_many_paths, amcnicky_altar_gilded, uniq_robin,
          uniq_sigmund
D:4:      kennysheep_spiral_hall, layout_cave_pools,
          mainiacjoe_overflow_six_doors_small, gammafunk_temple_overflow_wave,
          zin_scriptorium, mainiacjoe_overflow_catwalk_spiral,
          nicolae_hepliaklqana_hippocampus, serial_park_tiny_2
D:5:      layout_gridville, nicolae_dithmenos_the_darkroom
D:6:      layout_loops_ring, kennysheep_ying_yang, overflow_temple_1_default,
          kennysheep_vampire_church, mainiacjoe_overflow_small_starburst
D:7:      layout_loops_ring, dancing_weapons_uskayaw, minmay_temple_entry_wispy,
          uniq_crazy_yiuf_cottage
D:8:      layout_loops_ring, uniq_grum
D:9:      nicolae_cairo_tiling_large_dashed, layout_basic,
          kennysheep_orc_monster_closet_entryway, grunt_decor_fettered
D:10:     layout_basic, nicolae_custom_books
D:11:     layout_roguey [special_room_bee], gammafunk_ghost_split
D:12:     layout_grid_maze
D:13:     layout_long_grid, david_vaults_1, uniq_jorgrun
Temple:   hellmonk_temple_rainy
Lair:1:   layout_loops_ring, chequers_serial_rivers_small_3, grunt_megastairs_4,
          infiniplex_staircase_pool_2, uniq_nergalle, uniq_fannar,
          uniq_prince_ribbit2
Lair:2:   layout_cave_pods, minmay_shoals_entry_centaurs,
          gauntlet_entry_generic, gammafunk_ghost_hive, serial_bayou_shore_a
Lair:3:   layout_cellular_growth, nicolae_spider_entry_tight_spaces,
          portal_ice_cave_entry_ice_simulacra, lemuel_fruit_tree
Lair:4:   layout_small_grid, slime_entry_1, gammafunk_ghost_ooze, uniq_rupert
Lair:5:   hellmonk_lair_end_abyssal_woods, layout_gridlike, grunt_megastairs_1

Skill      XL: |  1  2  3  4  5  6  7  8  9 10 11 12 13 14 |
---------------+-------------------------------------------+-----
Fighting       | 4 5 6 8 10 11 12 13 | 13.4
Armour         | 4 5 6 8 10 11 12 13 | 13.4
Axes           | 3 4 5 |  5.5
Shields        | 5 6 7 9 10 12 13 14 15 | 15.0
Polearms       | 3 5 6 8 9 10 | 10.8
Invocations    | 2 4 7 8 10 12 | 12.3

Action                     |  1- 3 |  4- 6 |  7- 9 | 10-12 | 13-15 || total
---------------------------+-------+-------+-------+-------+-------++-------
  Melee: War axe           |    65 |       |       |       |       ||    65
         Trident           |     1 |   110 |   216 |   377 |   702 ||  1406
 Invoke: Grand Finale      |       |       |       |       |     1 ||     1
Ability: Dig               |       |       |     5 |       |     1 ||     6
    Use: Scroll            |       |     5 |     8 |     6 |     1 ||    20
         Potion            |       |       |       |       |     4 ||     4
   Stab: Sleeping          |       |       |     1 |     1 |       ||     2
         Paralysed         |       |       |       |    38 |    71 ||   109
         Invisible         |       |       |       |       |     2 ||     2
 Armour: Scale mail        |    46 |    31 |    11 |       |       ||    88
         Chain mail        |       |       |    30 |       |       ||    30
         Ring mail         |       |       |    15 |    94 |   192 ||   301
  Dodge: Dodged            |    44 |    33 |    83 |    86 |   149 ||   395
  Block: Buckler           |    27 |    26 |    56 |    68 |       ||   177
         Kite shield       |       |       |       |    80 |   340 ||   420

Table legend: (Time is in decaauts)
 A = Elapsed time spent in this place.
 B = Non-inter-level travel time spent in this place.
 C = Inter-level travel time spent in this place.
 D = Time resting spent in this place.
 E = Time spent auto-exploring this place.
 F = Levels seen in this place.
 G = Mean time per level.
                   A        B        C        D        E       F      G
               +--------+--------+--------+--------+--------+-----+--------+
         Total |  20058 |  19478 |    580 |   3835 |  12027 |  21 |  955.1 |
       Dungeon |  12442 |  11982 |    460 |   1458 |   8468 |  13 |  957.1 |
        Temple |      4 |      4 |      0 |      0 |      0 |   1 |    4.0 |
          Lair |   5446 |   5326 |    120 |    839 |   3445 |   5 | 1089.2 |
      Ice Cave |   1685 |   1685 |      0 |   1303 |      9 |   1 | 1685.0 |
      Gauntlet |    480 |    480 |      0 |    235 |    105 |   1 |  480.0 |
               +--------+--------+--------+--------+--------+-----+--------+

Top non-repeatable levels by time:
   IceCv: 1685 daAuts
     D:2: 1564 daAuts
  Lair:4: 1448 daAuts
  Lair:3: 1433 daAuts
    D:12: 1369 daAuts
     D:4: 1289 daAuts
     D:7: 1245 daAuts
  Lair:1: 1202 daAuts
  Lair:2: 1195 daAuts
    D:11: 1107 daAuts
     D:3: 1059 daAuts
     D:6: 953 daAuts
     D:8: 843 daAuts
     D:9: 830 daAuts
    D:10: 822 daAuts
